 Dungeon Crawl Stone Soup version 0.22-a0-283-g1871b15 (webtiles) character file.

42 Amnesiac the Gusty (level 3, 0/20 HPs)
             Began as a Tengu Air Elementalist on Mar 19, 2018.
             Succumbed to an adder's poison
             ... on level 2 of the Dungeon.
             The game lasted 00:02:14 (1446 turns).

Amnesiac the Gusty (Tengu Air Elementalist)         Turns: 1446, Time: 00:02:14

Health: 0/20       AC:  2    Str:  8    XL:     3   Next: 54%
Magic:  1/7        EV: 12    Int: 21    God:
Gold:   31         SH:  0    Dex: 14    Spells: 5/6 levels left

rFire    . . .     SeeInvis .   (no weapon)
rCold    . . .     Gourm    .   (no shield)
rNeg     . . .     Faith    .   a - +0 robe
rPois    .         Spirit   .   (helmet restricted)
rElec    .         Reflect  .   (no cloak)
rCorr    .         Harm     .   (no gloves)
MR       .....                  (boots unavailable)
Stlth    ++........             (no amulet)
HPRegen  0.06/turn              (no ring)
MPRegen  0.10/turn              (no ring)

@: brilliant, lethally poisoned (0 -> -9)
A: beak, talons 3, blurry vision 1, mutation resistance 1
a: no special abilities


You were on level 2 of the Dungeon.
You were hungry.

You visited 1 branch of the dungeon, and saw 2 of its levels.

You collected 31 gold pieces.

Inventory:

Armour
 a - a +0 robe (worn)
Scrolls
 d - a scroll of teleportation {!r, unknown}
 e - a scroll of blinking {!r, unknown}
 f - a scroll of remove curse {!r, unknown}
 i - a scroll of amnesia {!r, unknown}
 j - 2 scrolls of enchant armour {!r, unknown}
Potions
 b - 2 potions of mutation {!q}
 h - a potion of brilliance {!q}
Comestibles
 c - 4 rations
 g - 4 chunks of flesh


   Skills:
 + Level 1.2 Fighting
 - Level 2.1 Dodging
 - Level 2.0 Stealth
 + Level 2.4 Spellcasting
 - Level 1.3 Conjurations
 * Level 5.1 Air Magic


You had 5 spell levels left.
You knew the following spells:

 Your Spells              Type           Power        Failure   Level  Hunger
a - Shock                 Conj/Air       ####         1%          1    None


Dungeon Overview and Level Annotations

Branches:
Dungeon (2/15)

Altars:
Trog


Innate Abilities, Weirdness & Mutations

You have a beak for a mouth.
You have claws for feet.
Scrolls take you a little longer to read.
You are somewhat resistant to further mutation.


Message History

Press: ? - help, Shift-Dir - straight line, f - adder
Aim: an adder The zap misses the adder.
An adder is nearby!
Casting: Shock (safe; 5% risk of failure)
Confirm with . or Enter, or press ? or * to list all spells.
Aiming: Shock (safe; 5% risk of failure)
Press: ? - help, Shift-Dir - straight line, f/p - adder
Aim: an adder The zap misses the adder.
You are feeling hungry.
An adder is nearby!
Casting: Shock (safe; 5% risk of failure)
Confirm with . or Enter, or press ? or * to list all spells.
Aiming: Shock (safe; 5% risk of failure)
Press: ? - help, Shift-Dir - straight line, f/p - adder
Aim: an adder The zap misses the adder.
The adder barely misses you.
A giant cockroach comes into view.
Casting: Shock (safe; 5% risk of failure)
Confirm with . or Enter, or press ? or * to list all spells.
Aiming: Shock (safe; 5% risk of failure)
Press: ? - help, Shift-Dir - straight line, f/p - adder
Aim: an adder The zap misses the adder.
The adder bites you but does no damage.
Casting: Shock (safe; 5% risk of failure)
Confirm with . or Enter, or press ? or * to list all spells.
You don't have enough magic to cast that spell.
Casting: Shock (safe; 5% risk of failure)
Confirm with . or Enter, or press ? or * to list all spells.
You don't have enough magic to cast that spell.
You miss the adder. The adder bites you but does no damage.
The adder closely misses you.
You hit the adder but do no damage. The adder bites you.
You are poisoned.
The adder poisons you!
You feel sick. The adder bites you.
A kobold comes into view. It is wielding a dagger.
You feel sick.
The kobold shouts!
The adder bites you but does no damage.
You feel sick.
Casting: Shock (safe; 5% risk of failure)
Confirm with . or Enter, or press ? or * to list all spells.
Aiming: Shock (safe; 5% risk of failure)
Press: ? - help, Shift-Dir - straight line, f/p - adder
Aim: an adder The zap misses the adder.
The zap misses the giant cockroach.
The zap hits the giant cockroach.
The giant cockroach is moderately wounded.
The zap misses the adder.
The adder bites you.
* * * LOW HITPOINT WARNING * * *
The adder bites you.
* * * LOW HITPOINT WARNING * * *
You are lethally poisoned!
The adder poisons you!
Really quaff
h - 2 potions of brilliance {!q}?
You feel clever all of a sudden. The adder bites you.
* * * LOW HITPOINT WARNING * * *
* * * LOW HITPOINT WARNING * * *
You feel sick.
You die...

# ...
##########..#
#....K...)..#
#K########..#
#s# ## #.#
#._....#
########@#
.......#
#.....##.#
###....##
######.###.##.#
####+# #..)...#
#.##.# #......#
#.##.#
#......###....#
######.)...)###
###.....#
#..(#..#


You could see an adder, a giant cockroach and a kobold.

Vanquished Creatures
  An ooze (D:1)
  A dart slug (D:2)
  2 leopard geckos
  2 giant cockroaches (D:1)
  6 hobgoblins
  3 jackals
  6 bats
  A frilled lizard (D:1)
  6 goblins
  A kobold (D:1)
  A rat (D:2)
30 creatures vanquished.

Notes
Turn   | Place    | Note
-------+----------+-------------------------------------------
     0 | D:1      | Amnesiac the Tengu Air Elementalist began the quest for the Orb.
     0 | D:1      | Reached XP level 1. HP: 10/10 MP: 4/4
   235 | D:1      | Reached XP level 2. HP: 16/16 MP: 1/6
   599 | D:1      | Reached skill level 1 in Fighting
   702 | D:1      | Reached XP level 3. HP: 20/20 MP: 0/7
   990 | D:2      | Found a bloodstained altar of Trog.
  1279 | D:2      | Reached skill level 5 in Air Magic
  1367 | D:2      | Gained mutation: You are somewhat resistant to further mutation. [potion of mutation]
  1367 | D:2      | Gained mutation: Scrolls take you a little longer to read. [potion of mutation]
  1445 | D:2      | HP: 1/20 [poisoned by an adder]
  1446 | D:2      | Succumbed to an adder's poison

Vault maps used:
D:1:      lightli_arrival_quake
D:2:      bloody_trog, kennysheep_generic_room_13

Skill      XL: |  1  2  3 |
---------------+----------+-----
Fighting       | 1 |  1.2
Air Magic      | 5 |  5.1
Dodging        | |  2.1
Stealth        | |  2.0
Spellcasting   | |  2.4
Conjurations   | |  1.3

Action                   || total
-------------------------++-------
Melee: Unarmed           ||    10
       Kick              ||     3
       Peck              ||     1
 Cast: Shock             ||    67
  Use: Scroll            ||     2
       Potion            ||     2
  Eat: Chunk             ||     2
Armor: Robe              ||    11
Dodge: Dodged            ||    16

Table legend:
 A = Spawn XP
 B = Non-spawn XP
 C = Spawn XP percentage of total XP
 D = Spawn monster count
 E = Non-spawn monster count
 F = Spawn count percentage of total count
 G = Total turns spent on level
                    A         B        C        D         E        F      G
               +---------+---------+-------+---------+---------+-------+---------
         Total |       0 |      60 |   0.0 |       0 |      30 |   0.0 |  1446
               +---------+---------+-------+---------+---------+-------+---------
           D:1 |       0 |      40 |   0.0 |       0 |      20 |   0.0 |  1306
           D:2 |       0 |      20 |   0.0 |       0 |      10 |   0.0 |   140
               +---------+---------+-------+---------+---------+-------+---------
